[Event "Late-Titled-Tuesday-Blitz-October-10-2023"]
[Site "Chess.com"]
[Date "2023.10.10"]
[Round "9"]
[White "Nekoo04"]
[Black "Defenstrator"]
[Result "0-1"]
[WhiteElo "2265"]
[BlackElo "2407"]
[TimeControl "180+1"]
[EndTime "15:40:11 PDT"]
[Termination "Defenstrator won on time"]

1. d4 Nc6 2. d5 Ne5 3. f4 Ng6 4. e4 e6 5. dxe6 fxe6 6. Nf3 Nf6 7. Bd3 Bc5 8. e5 Ng4 9. Bxg6+ hxg6 10. Qd3 Rxh2 11. Qxg6+ Kf8 12. Rxh2 Nxh2 13. Ng5 Qe8 14. Nh7+ Ke7 15. Qxg7+ Kd8 16. Nf6 Qf8 17. Qg3 Bg1 18. Nc3 b5 19. Ne2 Nf1 20. Kxf1 Bb6 21. Be3 Bb7 22.
Rd1 Bc6 23. Bxb6 axb6 24. Nd4 Kc8 25. Nxc6 dxc6 26. Qg4 Kb7 27. Qxe6 Qb4 28. Rd7 Qxf4+ 29. Ke2 Rxa2 30. Qxa2 Qxe5+ 31. Kd2 Qxf6 32. Qf7 Qg5+ 33.
Ke2 Qxg2+ 34. Kd3 Qh3+ 35. Kd2 Qg2+ 36. Kc1 Qg1+ 37. Rd1 Qe3+ 38. Kb1 Qe2 39. Qd7 Qc4 40. Qd3 Qc5 41. Rf1 Qg5 42. Rf7 Qg1+ 43. Ka2 Qc5 44. Qd7 Qc4+ 45. Kb1 Ka6 0-1

[Event "Late-Titled-Tuesday-Blitz-October-10-2023"]
[Site "Chess.com"]
[Date "2023.10.10"]
[Round "9"]
[White "GMBenjaminBok"]
[Black "realmadridfc123"]
[Result "1-0"]
[WhiteElo "3023"]
[BlackElo "2821"]
[TimeControl "180+1"]
[EndTime "15:40:13 PDT"]
[Termination "GMBenjaminBok won by resignation"]

1. d4 d5 2. c4 c6 3. cxd5 cxd5 4.
Nf3 Nc6 5. Nc3 Nf6 6. Bf4 a6 7. Rc1 Bf5 8. e3 e6 9. Qb3 Ra7 10. Be2 Bd6 11. Bxd6 Qxd6 12. O-O O-O 13. Na4 Ne4 14.
Nc5 Bg4 15. Rfd1 Rc8 16. Nxb7 Qe7 17. Nc5 a5 18. Nxe4 dxe4 19. Rxc6 Rxc6 20. Qb8+ Qf8 21.
Qxa7 exf3 22. Bxf3 Bxf3 23. gxf3 Rc2 24. Qxa5 Rxb2 25.
d5 h6 26. dxe6 Rb8 27. exf7+ Kxf7 28. Qf5+ Kg8 29. Qxf8+ Rxf8 30. a4 Ra8 31. Ra1 Kf7 32. Kg2 Ra5 33. f4 Kf6 34. Kf3 Ke6 35. Ke4 Kd6 36. Rg1 Rxa4+ 37. Kf5 Ra7 38. Kg6 Ke6 39. e4 Ra4 40. f3 Ra3 41. Rg3 Ra7 42. h4 Rb7 43. h5 Ra7 44. Rg2 Ra3 45. Rf2 Ra7 46. Rb2 Ra3 47. Rb6+ Ke7 48. Rb7+ Kd6 49. Rxg7 Rxf3 50.
f5 Rf4 51. Kxh6 Rxe4 52. f6 Ke6 53. f7 Ke7 54. Kg6 Rg4+ 55. Kh7 Rh4 56. Kg8 Rf4 57. f8=Q+ 1-0

[Event "Late-Titled-Tuesday-Blitz-October-10-2023"]
[Site "Chess.com"]
[Date "2023.10.10"]
[Round "9"]
[White "Atanejhad"]
[Black "GoldenShare"]
[Result "0-1"]
[WhiteElo "2391"]
[BlackElo "2534"]
[TimeControl "180+1"]
[EndTime "15:40:13 PDT"]
[Termination "GoldenShare won on time"]

1. d4 d5 2. c4 dxc4 3. e4 b5 4. a4 c6 5. axb5 cxb5 6. b3 e5 7. bxc4 Bb4+ 8. Bd2 Qxd4 9. Bxb4 Qxa1 10. cxb5 Be6 11.
Nf3 Nd7 12. Bd3 Ngf6 13. O-O Qa2 14. Nbd2 Rd8 15. Qc1 Nb6 16. Nxe5 Rc8 17. Nc6 Nfd7 18. Nf3 f6 19. Qc3 Kf7 20. Ra1 Qb3 21. Qxb3 Bxb3 22.
Rxa7 Ra8 23. h3 Rxa7 24. Nxa7 Ra8 25. Nc6 Ra1+ 26. Kh2 Bc4 27. Bxc4+ Nxc4 28. Nfd4 Rb1 29. f4 Ndb6 30. e5 fxe5 31. fxe5 Ke8 32. e6 Ne3 33.
Bd2 Nf1+ 34. Kg1 Nxd2+ 35. Kf2 Ne4+ 36. Ke3 Nd6 37. Kf4 Nxb5 38. Nf5 Rf1+ 39. Kg5 Nd5 40. Nxg7+ Kf8 41. Nf5 Nd6 42. Nxd6 Re1 43. Kf5 Ne3+ 44. Kf6 Nd5+ 45. Kf5 Rf1+ 46. Kg5 Ne7 47. Nxe7 Kxe7 48.
Nf5+ Kxe6 49. g4 Rh1 50. h4 Ke5 51. h5 Rh2 52. Nh6 Ke6 53. Nf5 Rb2 54. Ng7+ Kf7 55. Nf5 Rb5 56. h6 Ra5 57. Kf4 Kf6 58. g5+ Kg6 59. Ne7+ Kh5 0-1

[Event "Late-Titled-Tuesday-Blitz-October-10-2023"]
[Site "Chess.com"]
[Date "2023.10.10"]
[Round "9"]
[White "NelsonLinda"]
[Black "Binary010"]
[Result "0-1"]
[WhiteElo "2586"]
[BlackElo "2834"]
[TimeControl "180+1"]
[EndTime "15:40:19 PDT"]
[Termination "Binary010 won by resignation"]

1. b3 e5 2. Bb2 Nc6 3. e3 Nf6 4. Bb5 e4 5. d4 Ne7 6. Be2 d5 7. c4 c6 8. Nc3 Nf5 9. Qc2 Bd6 10. h4 h5 11. O-O-O O-O 12. g3 Nh6 13. Nh3 Bg4 14. Nf4 Bxf4 15. gxf4 Nf5 16. Rdg1 g6 17. Kb1 Re8 18. Qd2 a6 19. c5 b6 20. cxb6 Bxe2 21. Qxe2 Qxb6 22. Na4 Qb5 23. Qd2 Ng4 24. Nc5 a5 25. a4 Qb6 26. Ka2 Rab8 27. Bc3 Ra8 28. Rb1 Qd8 29. Nb7 Qe7 30. Nxa5 Rec8 31. Bb4 Qf6 32.
Nb7 Nxh4 33. Nc5 Nf3 34. Qc2 Qf5 35. a5 Nf6 36. Bc3 Nd7 37. Na4 c5 38. dxc5 Nxc5 39. Nxc5 Rxc5 40. b4 Rc4 41. Rhc1 d4 42. exd4 Nxd4 43.
Qb2 Qd5 44. Ka1 Nb5 45. Be5 Rac8 46. Rxc4 Rxc4 47. Bh8 Nd4 48. Be5 Nc2+ 49. Ka2 Rxb4+ 50. Qb3 Rxb3 51. Rxb3 Qxa5+ 52. Kb2 f6 53. Bc3 Qc5 54. Kxc2 Qxf2+ 55. Kb1 Qxf4 56. Rb8+ Qxb8+ 0-1

[Event "Late-Titled-Tuesday-Blitz-October-10-2023"]
[Site "Chess.com"]
[Date "2023.10.10"]
[Round "9"]
[White "WPWPWP-2015"]
[Black "FMJoseHerrera"]
[Result "0-1"]
[WhiteElo "2533"]
[BlackElo "2739"]
[TimeControl "180+1"]
[EndTime "15:40:22 PDT"]
[Termination "FMJoseHerrera won by checkmate"]

1. e4 c5 2. Nf3 e6 3. b3 b6 4. Bb2 Bb7 5. Qe2 Qc7 6. d4 cxd4 7. Nxd4 a6 8. Nd2 Nf6 9. O-O-O Nc6 10. f3 Rc8 11.
Nc4 b5 12. Ne3 Bc5 13. Nxc6 Qxc6 14. Rd2 O-O 15. e5 Nh5 16. Nd1 Nf4 17. Qe1 Bb4 18. c3 Be7 19. Kb1 a5 20. Bd3 a4 21.
Be4 Qa6 22. b4 Nd5 23. a3 Rc4 24. Bd3 Rc7 25. Qf1 Bc6 26. c4 bxc4 27. Bxc4 Qb7 28.
b5 Bxb5 29. Bxb5 Rb8 30. Bxa4 Bxa3 31. Qd3 Bb4 32. Rc2 Rxc2 33. Qxc2 Bf8 34. Re1 Qa7 35. Re4 Qa5 36. Rc4 h6 37. Rc8 Rxc8 38. Qxc8 Qxa4 39. Nc3 Nxc3+ 40. Bxc3 Qd1+ 41. Kb2 Qe2+ 42. Kb3 Qb5+ 43. Kc2 g5 44. h3 Kg7 45. Qd8 Qe2+ 46. Bd2 Qxg2 47. h4 Qxf3 48. hxg5 Qf5+ 49. Kc1 h5 50. Qxd7 Qxe5 51. Qc6 Qa1+ 52. Kc2 Qa2+ 53. Kd1 Qb1+ 54. Ke2 Qf5 55. Qg2 Kg6 56. Qg3 e5 57. Qe3 h4 58.
Qb6+ Kh5 59. Qe3 Kg4 60. Qg1+ Kh5 61. Kd1 h3 62. Ke2 Qg4+ 63. Qxg4+ Kxg4 64. Kf2 Be7 65. Kg1 Bxg5 66. Bc3 Be3+ 67. Kh2 Bd4 68. Bd2 f5 69.
Kh1 f4 70. Be1 e4 71. Bd2 e3 72. Be1 f3 73. Kh2 Be5+ 74. Kh1 Bg3 75. Bf2 e2 76.
Bg1 h2 77. Be3 e1=Q+ 78. Bg1 hxg1=Q# 0-1

[Event "Late-Titled-Tuesday-Blitz-October-10-2023"]
[Site "Chess.com"]
[Date "2023.10.10"]
[Round "9"]
[White "mishanick"]
[Black "tptagain"]
[Result "1-0"]
[WhiteElo "3089"]
[BlackElo "2884"]
[TimeControl "180+1"]
[EndTime "15:40:23 PDT"]
[Termination "mishanick won on time"]

1. d4 c5 2. d5 e5 3. e4 d6 4. Nc3 Be7 5. Nf3 Nf6 6. Be2 O-O 7. Nd2 Ne8 8. Nc4 Bg5 9. O-O Bxc1 10. Qxc1 Nd7 11. f4 exf4 12. Qxf4 Qe7 13. Bg4 Ne5 14.
Nxe5 dxe5 15. Qg3 Nd6 16. Bxc8 Raxc8 17. a4 a6 18. a5 c4 19. Qe3 h6 20. Na4 Qg5 21. Qxg5 hxg5 22. Nb6 Rc7 23. Rfe1 f6 24. c3 Kf7 25. Ra4 Ke7 26. h3 Rh8 27. Re3 Rh4 28. g4 Rc5 29. Kg2 Rh8 30. Kf2 Kd8 31. Ke1 Kc7 32. Kd1 Rxa5 33. Rxa5 Kxb6 34. Ra1 a5 35.
Kc2 Kb5 36. b3 cxb3+ 37. Kxb3 Rc8 38. Rh1 a4+ 39. Ka2 Rh8 40. Rh2 Kc4 41. Rh1 b5 42. Rh2 Kc5 43. Rh1 Nc4 44. Rd3 Nd6 45. Re3 Kb6 46. Rb1 Ka5 47. Rb4 Rc8 48. Rb1 Rc4 49.
Rbe1 b4 50. cxb4+ Kxb4 51. Rb1+ Kc5 52. Rbe1 Rc2+ 53. Kb1 Rd2 54. Rc3+ Kb4 55. Rc7 Nb5 56. Rb7 a3 57. Ka1 Ka4 58. Rb1 1-0

[Event "Late-Titled-Tuesday-Blitz-October-10-2023"]
[Site "Chess.com"]
[Date "2023.10.10"]
[Round "9"]
[White "subham777"]
[Black "micke12a"]
[Result "1-0"]
[WhiteElo "2530"]
[BlackElo "2366"]
[TimeControl "180+1"]
[EndTime "15:40:23 PDT"]
[Termination "subham777 won by checkmate"]

1. e4 c5 2. Nf3 d6 3. d4 cxd4 4. Qxd4 Nc6 5. Bb5 Bd7 6. Bxc6 Bxc6 7. c4 Nf6 8. Nc3 e6 9. Bg5 Be7 10. O-O O-O 11. Rfd1 a6 12. Rac1 Qa5 13. Bh4 Rfd8 14. b3 b5 15. cxb5 axb5 16. Qd3 b4 17. Nd4 Bb7 18.
Bxf6 Bxf6 19. Na4 Rac8 20. Nf3 Bc6 21. Qc2 h6 22. Nd4 Bxa4 23. Qxc8 Rxc8 24. Rxc8+ Kh7 25. bxa4 Qxa4 26. Rcc1 Qxa2 27. Ra1 Qb2 28. Rab1 Qc3 29. Nb5 Qc6 30. Nxd6 Qc2 31. Rdc1 Qd2 32. Nc4 Qd4 33.
Rxb4 Qxe4 34. Rbb1 Bd4 35. Rf1 Qc2 36. Ne3 Qa2 37.
Rbe1 Kg6 38. g3 f5 39. Kg2 e5 40. h4 Qa8+ 41. Kh2 Qf3 42. Nd1 f4 43. gxf4 Qxf4+ 44. Kg2 Qg4+ 45. Kh2 Qxh4+ 46. Kg2 Qg4+ 47. Kh2 e4 48.
Rg1 Be5+ 49. Kh1 h5 50. Rxg4+ hxg4 51. Rxe4 Kf5 52. Rc4 g3 53. fxg3 Bxg3 54. Kg2 Be5 55. Kf3 g6 56. Ne3+ Ke6 57. Ke4 Bf6 58. Rc6+ Kf7 59.
Nd5 Bh4 60. Kf4 Be1 61. Ke5 Bg3+ 62. Ke4 Kg7 63. Re6 Bb8 64. Re8 Kh6 65. Rxb8 g5 66. Rf8 Kh5 67. Rf1 g4 68. Kf4 Kg6 69. Kxg4 Kg7 70. Kf5 Kh6 71. Rg1 Kh5 72. Rh1# 1-0

[Event "Late-Titled-Tuesday-Blitz-October-10-2023"]
[Site "Chess.com"]
[Date "2023.10.10"]
[Round "9"]
[White "Grossboss19"]
[Black "IngOscarArdila"]
[Result "1/2-1/2"]
[WhiteElo "2482"]
[BlackElo "2318"]
[TimeControl "180+1"]
[EndTime "15:40:24 PDT"]
[Termination "Game drawn by repetition"]

1. e4 e5 2. Nf3 Nf6 3. Nxe5 d6 4. Nf3 Nxe4 5. Nc3 Nxc3 6. dxc3 Be7 7. Be3 O-O 8. Qd2 Nd7 9. h4 Nf6 10. Bd3 c5 11.
O-O-O b5 12. Ng5 Qa5 13. Kb1 Rb8 14. f3 Be6 15. Nxe6 fxe6 16. g4 c4 17. Be2 Nd5 18.
a3 Qc7 19. Bg5 a5 20. f4 Bxg5 21. hxg5 Rxf4 22. Rdf1 Rbf8 23. Rxf4 Rxf4 24. Bf1 b4 25. axb4 axb4 26. cxb4 c3 27. Qd3 g6 28. Bg2 Rxb4 29. Bxd5 Rxb2+ 30. Kc1 exd5 31. Qxd5+ Qf7 32. Qxf7+ Kxf7 33.
Rxh7+ Kg8 34. Rd7 Rb5 35. Rxd6 Rxg5 36. Rd4 Kf7 37. Kd1 Re5 38. Rc4 Re3 39. g5 Ke6 40. Rf4 Rg3 41. Rf6+ Ke5 42. Rxg6 Kf5 43. Rg8 Ke4 44. Re8+ Kf3 45. g6 Rg1+ 46. Re1 Rxg6 47. Kc1 Rg2 48. Kb1 Re2 49. Rc1 Ke3 50. Rd1 Rd2 51.
Re1+ Re2 52. Rh1 Kd2 53. Ka2 Kxc2 54. Rh3 Rd2 55. Ka3 Rd3 56. Rh2+ Rd2 57. Rh3 Rd1 58.
Rh2+ Kb1 59. Kb3 Rc1 60. Ra2 c2 61. Rb2+ Ka1 62. Ra2+ Kb1 63. Rb2+ Ka1 64. Ra2+ Kb1 1/2-1/2

[Event "Late-Titled-Tuesday-Blitz-October-10-2023"]
[Site "Chess.com"]
[Date "2023.10.10"]
[Round "9"]
[White "maximnovik"]
[Black "djano"]
[Result "1-0"]
[WhiteElo "2496"]
[BlackElo "2665"]
[TimeControl "180+1"]
[EndTime "15:40:26 PDT"]
[Termination "maximnovik won by checkmate"]

1. e4 c5 2. Nf3 Nc6 3. Bb5 e5 4.
O-O Nge7 5. c3 g6 6. d4 cxd4 7. cxd4 exd4 8. e5 Bg7 9. Bf4 O-O 10. Nbd2 a6 11. Bd3 f6 12. exf6 Bxf6 13. Bh6 Bg7 14. Bxg7 Kxg7 15. Nb3 Qb6 16. Re1 d6 17. Nfxd4 Bd7 18.
Bf1 Rae8 19. Qd2 Nf5 20. Nxf5+ Rxf5 21. Rxe8 Bxe8 22. Re1 Bf7 23. Re3 Re5 24. Rd3 d5 25. Nd4 Qb4 26. a3 Qxd2 27. Rxd2 Re1 28. f3 Rb1 29. Ne2 d4 30. Kf2 Bc4 31. Ng3 d3 32. f4 Nd4 33. Bxd3 Bxd3 34. Rxd3 Rxb2+ 35. Ke3 Nc2+ 36. Ke4 Ne1 37. Rd7+ Kg8 38. Ke5 Nxg2 39. Ne4 Rb5+ 40. Kf6 Rf5+ 41. Ke6 Nxf4+ 42. Ke7 Rf7+ 43. Kd8 Rxd7+ 44. Kxd7 Kg7 45. Kc7 b5 46. Kb6 Nd3 47. Kxa6 b4 48. a4 b3 49. Nc3 b2 50. Kb5 Ne5 51. a5 Nf3 52. a6 Nd4+ 53. Kb6 Ne2 54. Nb1 Nf4 55. a7 g5 56. a8=Q Kg6 57. Qe4+ Kh5 58. Qf3+ g4 59. Qf2 Kg5 60. Qxb2 h5 61. Qe5+ Kh4 62. Qxf4 Kh3 63. Qg3# 1-0

[Event "Late-Titled-Tuesday-Blitz-October-10-2023"]
[Site "Chess.com"]
[Date "2023.10.10"]
[Round "9"]
[White "ThaBarWa"]
[Black "ameetghasi100"]
[Result "0-1"]
[WhiteElo "2442"]
[BlackElo "2725"]
[TimeControl "180+1"]
[EndTime "15:40:27 PDT"]
[Termination "ameetghasi100 won by resignation"]

1. d4 g6 2. c4 Bg7 3. e4 Nf6 4.
Nc3 O-O 5. f3 a6 6. Bg5 Nc6 7.
Nge2 Rb8 8. Qd2 e5 9. d5 Na5 10. Ng3 b5 11. c5 d6 12. c6 b4 13. Nd1 h6 14. Bxh6 Bxh6 15. Qxh6 Nh7 16. h4 Qf6 17. Qe3 Rb6 18. Nf2 Qg7 19. h5 f5 20. hxg6 f4 21.
gxh7+ Kh8 22. Qd2 Qxg3 23. O-O-O Rf7 24. Bd3 Rg7 25. Rdg1 Rxh7 26. Rxh7+ Kxh7 27. Rh1+ Kg7 28. Nd1 b3 29. a3 Nxc6 30. dxc6 Rxc6+ 31. Kb1 Be6 32.
Qf2 Qxf2 33. Nxf2 Rb6 34. Rc1 c6 35. Bc4 d5 36. exd5 cxd5 37. Bd3 Kf6 38. Ng4+ Bxg4 39. fxg4 e4 40. Be2 Ke5 41. Bd1 Kd4 42. Rc3 Rh6 43.
Bxb3 Rh2 44. Ka2 Rxg2 45. Rc8 f3 46. Rd8 f2 47. Rxd5+ Ke3 48. Rf5 Rxg4 49. Bc4 Rf4 50. Rxf4 Kxf4 51. Bxa6 Kf3 52. b4 e3 53. Bb7+ Ke2 54. Ba6+ Ke1 55. b5 e2 56. b6 f1=Q 57. b7 Qf7+ 58. Kb2 Qf6+ 59. Kb3 Qb6+ 60. Ka4 Qxa6+ 61.
Kb4 Qxb7+ 0-1

[Event "Late-Titled-Tuesday-Blitz-October-10-2023"]
[Site "Chess.com"]
[Date "2023.10.10"]
[Round "9"]
[White "GoltsevDmitry2000"]
[Black "Battever"]
[Result "0-1"]
[WhiteElo "2699"]
[BlackElo "2540"]
[TimeControl "180+1"]
[EndTime "15:40:28 PDT"]
[Termination "Battever won by checkmate"]

1. e4 c5 2. Nf3 e6 3. d4 cxd4 4. Nxd4 a6 5. Nc3 b5 6. a3 Bb7 7.
Be2 Nc6 8. Be3 Nxd4 9. Qxd4 Ne7 10. O-O Nc6 11. Qb6 Qxb6 12. Bxb6 Be7 13. Rad1 h5 14.
f4 h4 15. e5 h3 16. g3 Rb8 17. Bf3 Nxe5 18. fxe5 Bxf3 19. Rxf3 Rxb6 20. Rfd3 Rb7 21. Ne4 Rh5 22. Nd6+ Bxd6 23. exd6 Rc5 24. c3 Rb6 25. Kf2 f5 26. Kf3 Kf7 27. g4 Rb8 28. gxf5 Rxf5+ 29. Kg4 Rh8 30. Rxh3 Rxh3 31. Kxh3 Rf2 32. b4 Rf3+ 33. Kg2 Rxc3 34. Rf1+ Ke8 35. Rd1 Rxa3 36. Rc1 Rd3 37. Rc8+ Kf7 38. Ra8 Rxd6 39. Kf3 Kf6 40. Ke4 Kf7 41.
h4 Rc6 42. Ke5 Ke7 43. Kf4 Rc4+ 44. Kg5 Rxb4 45. Rxa6 Rb1 46. Kg6 Rg1+ 47. Kh7 Rh1 48. Kxg7 Rxh4 49. Rb6 b4 50. Kg6 Rf4 51. Kg5 e5 52. Rb5 d6 53. Rb7+ Ke6 54. Rb8 Kd5 55. Rb5+ Kc4 56. Rb8 b3 57. Rc8+ Kd3 58. Rc6 b2 59.
Rxd6+ Kc3 60. Kh6 b1=Q 61. Kg7 Qg1+ 62. Rg6 Rg4 63. Kf6 Rxg6+ 64. Kf5 Qg4+ 65. Kxe5 Re6+ 66.
Kd5 Qe4+ 67. Kc5 Rc6+ 68. Kb5 Qc4+ 69. Ka5 Ra6# 0-1

[Event "Late-Titled-Tuesday-Blitz-October-10-2023"]
[Site "Chess.com"]
[Date "2023.10.10"]
[Round "9"]
[White "FERNANDEZL1983"]
[Black "Kostukov_Alex"]
[Result "1-0"]
[WhiteElo "2532"]
[BlackElo "2386"]
[TimeControl "180+1"]
[EndTime "15:40:30 PDT"]
[Termination "FERNANDEZL1983 won by checkmate"]

1. e4 c5 2. Nf3 g6 3. d4 cxd4 4. c3 Bg7 5. cxd4 d5 6. exd5 Nf6 7. h3 Nxd5 8. Nc3 O-O 9. Be2 Nc6 10. O-O Bf5 11.
a3 Rc8 12. Re1 e5 13. dxe5 Nxc3 14. bxc3 Nxe5 15. Nd4 Bd7 16. Qb3 Qc7 17. Bb2 b6 18. a4 Nc4 19. Bxc4 Qxc4 20. Qxc4 Rxc4 21. a5 b5 22. Re7 Rd8 23. Rd1 Bf6 24. Ree1 Be8 25. Nc2 Rxd1 26. Rxd1 Bxc3 27. Bxc3 Rxc3 28. Nb4 Rc4 29. Rb1 Bd7 30. f3 Kf8 31. Rb2 Ke7 32. Nd5+ Kd6 33. Nf6 Be6 34. Nxh7 Kc5 35. Ng5 Bd5 36.
g4 b4 37. h4 Rc3 38. h5 gxh5 39. gxh5 Bxf3 40. h6 Bd5 41. h7 Rc1+ 42. Kf2 Rh1 43. Rc2+ Bc4 44. Ne4+ Kd4 45. Nf6 b3 46. Rd2+ Kc3 47.
Rd8 b2 48. Rb8 Bb3 49. Ne4+ Kc2 50. Rc8+ Kd3 51. Nc5+ Kc4 52. Na4+ Kb4 53. Nxb2 Rxh7 54. Nd3+ Kxa5 55. Nc5 Rh5 56. Nxb3+ Kb4 57. Nd2 a5 58. Rb8+ Rb5 59. Rc8 a4 60. Rc4+ Ka3 61. Ke3 f5 62.
Kd3 Rd5+ 63. Kc2 Ra5 64. Nb1+ Ka2 65. Nc3+ Ka3 66. Nb1+ Ka2 67. Rb4 Rc5+ 68. Nc3+ Ka3 69. Rxa4# 1-0

[Event "Late-Titled-Tuesday-Blitz-October-10-2023"]
[Site "Chess.com"]
[Date "2023.10.10"]
[Round "9"]
[White "Bauman_Guy"]
[Black "filipluczak05"]
[Result "1/2-1/2"]
[WhiteElo "2851"]
[BlackElo "2632"]
[TimeControl "180+1"]
[EndTime "15:40:32 PDT"]
[Termination "Game drawn by repetition"]

1. e4 g6 2. d4 Bg7 3. Nc3 c5 4. dxc5 Bxc3+ 5. bxc3 Nf6 6. Bd3 Qa5 7. Nf3 Qxc3+ 8.
Bd2 Qxc5 9. e5 Ng4 10. Qe2 Nc6 11. O-O Ngxe5 12. Nxe5 Qxe5 13. Qf3 O-O 14. Rfe1 Qf6 15.
Qg3 d6 16. h4 Bf5 17. Bg5 Qg7 18. Rab1 Bxd3 19. Qxd3 Rab8 20. Bxe7 Rfe8 21. Qxd6 Qd4 22. Qxd4 Nxd4 23. c3 Nf5 24. Bf6 b6 25. Rbd1 Kf8 26. g4 Rxe1+ 27. Rxe1 Ng7 28. Rd1 Ne8 29. Be5 Rc8 30. Rd7 a5 31. Rb7 Rc6 32. Bd4 Nd6 33.
Rxb6 Rxb6 34. Bxb6 Nc4 35. Bc5+ Ke8 36. Kg2 Kd7 37. Kg3 Kc6 38. Bf8 Kd5 39. Kf4 Ne5 40. Kg5 Nd3 41. f4 a4 42. a3 Ke4 43. Bd6 Nf2 44. h5 f6+ 45. Kxf6 Nxg4+ 46. Kg5 gxh5 47. f5 Kd5 48. Bf4 Nf2 49. Kxh5 Ne4 50. Kh6 Nxc3 51. Kxh7 Ne4 52. Kg6 Kd4 53. Kf7 Kd5 54. Ke7 Kc4 55. Ke6 Kb3 56. Bd6 Nxd6 57. Kxd6 Kxa3 58.
f6 Kb2 59. f7 a3 60. f8=Q a2 61. Qf6+ Kb1 62. Qf5+ Kb2 63. Qe5+ Kb1 64. Qe4+ Kb2 65.
Qb4+ Kc2 66. Qa3 Kb1 67. Qb3+ Ka1 68. Qd1+ Kb2 69. Qd2+ Kb1 70. Qd3+ Kb2 71. Kc5 a1=Q 72. Kb4 Qe1+ 73. Kc4 Qc1+ 74. Kb4 Qe1+ 75. Kc4 Qc1+ 76.
Kb4 Qe1+ 1/2-1/2

[Event "Late-Titled-Tuesday-Blitz-October-10-2023"]
[Site "Chess.com"]
[Date "2023.10.10"]
[Round "9"]
[White "YouShallNotPass001"]
[Black "LeninGuerra"]
[Result "0-1"]
[WhiteElo "2415"]
[BlackElo "2611"]
[TimeControl "180+1"]
[EndTime "15:40:32 PDT"]
[Termination "LeninGuerra won by checkmate"]

1. Nf3 c5 2. e3 e6 3. Be2 Nf6 4. O-O d6 5. d4 Be7 6. b3 O-O 7. Bb2 cxd4 8. exd4 Nc6 9. Nbd2 b6 10. Re1 Bb7 11. c4 Re8 12. Bf1 Rc8 13. a3 Nb8 14. b4 Nbd7 15. Rc1 Qc7 16. Qb3 Qb8 17. a4 Nf8 18. Ra1 Ng6 19. a5 Nf4 20. axb6 axb6 21. Qe3 Ng6 22. d5 exd5 23. Qxb6 dxc4 24. Bxc4 Bxf3 25.
Qxb8 Rxb8 26. gxf3 Rxb4 27. Bxf6 gxf6 28. Ra7 Kf8 29. h4 Ne5 30. Ba2 Rd4 31. f4 Rxd2 32. fxe5 fxe5 33. Re3 Rc8 34. Rf3 d5 35. Rf5 Rc1+ 36.
Kg2 Rcc2 37. Bb3 Rb2 38. Ra8+ Kg7 39. Ra7 Bf6 40. Ba4 e4 41. Ra6 Bd4 42. Rg5+ Kf8 43. Ra8+ Ke7 44. Rxd5 Rxf2+ 45. Kg3 Rf3+ 46. Kg4 Rg2+ 47.
Kh5 Be3 48. Re8+ Kf6 49. Rd6+ Kg7 50. Rd5 Rf6 51. Rg5+ Bxg5 52. hxg5 Rf1 53. Rxe4 Rh1+ 54. Rh4 Rxh4+ 55. Kxh4 h6 56. gxh6+ Kxh6 57. Kh3 Rb2 58.
Be8 f5 59. Kg3 Kg5 60. Kf3 Rb3+ 61. Kf2 Ra3 62. Bf7 Kf4 63. Kf1 Re3 64. Kf2 Rf3+ 65.
Ke2 Rc3 66. Kf2 Rc2+ 67. Ke1 Ke3 68. Kd1 Rc7 69. Bg6 f4 70. Ke1 f3 71. Kf1 Rc1# 0-1

[Event "Late-Titled-Tuesday-Blitz-October-10-2023"]
[Site "Chess.com"]
[Date "2023.10.10"]
[Round "9"]
[White "GothamChess"]
[Black "luizzy"]
[Result "1/2-1/2"]
[WhiteElo "2742"]
[BlackElo "2568"]
[TimeControl "180+1"]
[EndTime "15:40:38 PDT"]
[Termination "Game drawn - insufficient material"]

1. e4 e6 2. b3 d5 3. Bb2 Nf6 4. e5 Nfd7 5. Qg4 c5 6. f4 Nc6 7.
Nf3 a6 8. a4 b6 9. Be2 Nb4 10.
Na3 d4 11. c3 dxc3 12. dxc3 Nd5 13. Nc4 Bb7 14. O-O b5 15. Nd6+ Bxd6 16. Qxg7 Rf8 17. exd6 Nxf4 18. Rae1 Qb6 19. c4 O-O-O 20. Qh6 Nxe2+ 21.
Rxe2 bxa4 22. bxa4 Qxd6 23. Rd2 Qc6 24. Rfd1 Nb6 25.
Ne5 Qc7 26. Qf6 Rxd2 27. Rxd2 Rd8 28. Rxd8+ Qxd8 29. Qxd8+ Kxd8 30. a5 Nd7 31. Nxf7+ Ke7 32. Ng5 h6 33. Nh3 Be4 34. Nf2 Bc2 35. Kf1 Bb3 36. Ke2 Bxc4+ 37. Ke3 Bd5 38. g4 c4 39.
Bg7 Nc5 40. Bxh6 Nb3 41. Bg5+ Kf7 42. h4 Nxa5 43. h5 Nc6 44. Ne4 Bxe4 45. Kxe4 a5 46. Bd2 a4 47. g5 a3 48. Bc3 Ne7 49. Kd4 Nd5 50. Ba1 c3 51. Bxc3 Nf4 52. g6+ Nxg6 53. hxg6+ Kxg6 54. Ba1 Kf5 55. Ke3 e5 56. Kd3 a2 57. Ke2 Ke4 58. Kd1 Kf4 59. Ke1 e4 60. Bb2 e3 61. Ba1 Ke4 62. Bb2 Kd3 63. Bh8 Ke4 64. Bg7 Kd3 65. Bh8 Kc2 66. Bg7 Kb3 67.
Ke2 a1=Q 68. Bxa1 Ka2 69. Bh8 Kb1 70. Kxe3 1/2-1/2

[Event "Late-Titled-Tuesday-Blitz-October-10-2023"]
[Site "Chess.com"]
[Date "2023.10.10"]
[Round "9"]
[White "Baku_Boulevard"]
[Black "Hrant_ChessMood"]
[Result "1-0"]
[WhiteElo "3056"]
[BlackElo "2948"]
[TimeControl "180+1"]
[EndTime "15:40:40 PDT"]
[Termination "Baku_Boulevard won on time"]

1. e4 e5 2. Nf3 Nc6 3. Bc4 Nf6 4.
d3 Be7 5. Nc3 d6 6. a4 O-O 7.
O-O Na5 8. Ba2 c5 9. Re1 Nc6 10. Ne2 Be6 11. Ng3 Bxa2 12. Rxa2 g6 13. c3 Re8 14.
Ra1 Bf8 15. Qb3 Qd7 16. Bg5 Bg7 17. a5 a6 18. Nf1 h6 19. Bxf6 Bxf6 20. Ne3 Rab8 21.
Nd2 Bg5 22. Nd5 Ne7 23. Nxe7+ Bxe7 24. Nc4 Bg5 25. Rad1 Rbd8 26. Nb6 Qb5 27. Qa2 Kg7 28. Nd5 Rc8 29. g3 h5 30. h4 Bd8 31. Ra1 Qxd3 32. Qa4 Qb5 33. Qxb5 axb5 34. a6 bxa6 35. Rxa6 Re6 36.
Ra7 g5 37. Re3 gxh4 38. Rf3 Bf6 39. gxh4 Rf8 40. Ne3 Kg6 41. Nf5 Bd8 42. Rd7 Kh7 43. Kf1 Rf6 44. Ke2 c4 45. Rg3 Rg6 46. Rxg6 Kxg6 47.
Rxd6+ Kh7 48. Rh6+ Kg8 49. Rxh5 Re8 50. Ne3 b4 51.
Nxc4 Re6 52. Rxe5 bxc3 53. Rxe6 fxe6 54. bxc3 Bxh4 55. f4 Kf7 56. Ne5+ Ke8 57. c4 Bg3 58. Kf3 Be1 59. Nd3 Bc3 60. e5 Bd4 61. Ke4 Bg1 62. Ne1 Ba7 63. Nf3 Ke7 64. Nd4 Kd7 65. Nb3 Bb6 66. c5 Bd8 67. Nd4 Ba5 68. c6+ Ke7 69.
Nb5 Be1 70. Nd6 Ba5 71. Nb5 Bb6 72. Nd4 Ba5 73. f5 exf5+ 74. Nxf5+ Ke6 75. Ne3 Bb6 76. Nd5 Ba5 77. Nf4+ Ke7 78. Kd5 Bc7 79. Ne6 Bb6 80.
Nd4 Bc7 81. Nb5 Ba5 82. e6 Bb6 83. c7 Bxc7 84. Nxc7 1-0

[Event "Late-Titled-Tuesday-Blitz-October-10-2023"]
[Site "Chess.com"]
[Date "2023.10.10"]
[Round "9"]
[White "rezamahdavi2008"]
[Black "NFChess13"]
[Result "0-1"]
[WhiteElo "2853"]
[BlackElo "2659"]
[TimeControl "180+1"]
[EndTime "15:40:40 PDT"]
[Termination "NFChess13 won by resignation"]

1. e4 c5 2. Nf3 d6 3. d4 cxd4 4. Nxd4 Nf6 5. Nc3 a6 6. h3 e5 7.
Nf3 Be7 8. g4 h6 9. Rg1 Be6 10. g5 hxg5 11. Nxg5 Bd7 12. Bc4 Rf8 13. Qf3 Nc6 14. Be3 Nd4 15. Qd1 Rc8 16. Qd3 Rxc4 17. Qxc4 Nxc2+ 18. Kd2 Nxa1 19. Rxa1 b5 20. Qb3 d5 21. exd5 b4 22. Nce4 Bc6 23. Ke1 Qxd5 24. Qxd5 Nxd5 25. Rc1 Kd7 26. Bc5 f6 27. Bxe7 Nxe7 28.
Nc5+ Kd6 29. Nge6 Rh8 30. Nxg7 Rxh3 31. Kd2 Bb5 32. Ne4+ Kd7 33. Nxf6+ Kd6 34. Ne4+ Kd5 35. Nf6+ Kd6 36. b3 Rf3 37. Ng4 Rf4 38. Rg1 Nc6 39.
Ne8+ Kd7 40. Nef6+ Ke6 41. Nh5 Rf7 42. Ke1 Nd4 43.
Rg3 Nf3+ 44. Kd1 Rd7+ 45. Kc1 e4 46. Ne3 Rc7+ 47. Kb2 Ne1 48. Nf4+ Ke5 49. Rg5+ Kd6 50. Rg6+ Ke5 51. Rg5+ Kd6 52. Rd5+ Kc6 53. Rd4 Nd3+ 54.
Nxd3 exd3 55. Kc1 Rf7 56. f4 Rh7 57. Nc4 Kc5 58. Rxd3 Bxc4 59. bxc4 Kxc4 60. Rf3 Rh1+ 61. Kd2 Rh2+ 62. Ke3 Rxa2 63. f5 Ra3+ 64. Ke4 Rxf3 65.
Kxf3 Kd5 66. f6 Ke6 0-1

[Event "Late-Titled-Tuesday-Blitz-October-10-2023"]
[Site "Chess.com"]
[Date "2023.10.10"]
[Round "9"]
[White "acertijo08"]
[Black "karwowskikacper"]
[Result "0-1"]
[WhiteElo "2408"]
[BlackElo "2547"]
[TimeControl "180+1"]
[EndTime "15:40:40 PDT"]
[Termination "karwowskikacper won by resignation"]

1. e4 c5 2. Nf3 e6 3. d4 cxd4 4. Nxd4 Nf6 5. Nc3 Nc6 6. Ndb5 Bb4 7. a3 Bxc3+ 8. Nxc3 d5 9. exd5 exd5 10. Bd3 O-O 11. O-O d4 12. Ne2 Bg4 13. f3 Bh5 14. Nf4 Bg6 15.
Nxg6 hxg6 16. Re1 Qb6 17. Bd2 Rae8 18. b4 Nd5 19. Kh1 Ne3 20. Qc1 Re7 21. c3 Rfe8 22. Be4 Nc4 23. Bxc6 Rxe1+ 24. Bxe1 Qxc6 25. cxd4 b5 26. Bf2 Re2 27. Kg1 Qd5 28. Qf4 a6 29. Re1 Rxe1+ 30.
Bxe1 Nxa3 31. Qe4 Qxe4 32. fxe4 f5 33. e5 Nc2 34. Bc3 Ne3 35. Kf2 Nd5 36. Bd2 Kf7 37. Kf3 Ke6 38. g4 Nc7 39. Kf4 Nd5+ 40. Kg5 Ne7 41.
h4 Kd5 42. gxf5 gxf5 43. Be3 Ke4 44. Bf2 f4 45. h5 Kf3 46. Bh4 Ke3 47. e6 f3 48. h6 gxh6+ 49. Kf6 Nd5+ 50. Ke5 Ne7 51. Be1 Nc6+ 52. Kd5 Nxb4+ 53. Kd6 Nc2 54. Bh4 Nxd4 55.
Ke5 Nc6+ 56. Kd6 Nd4 57. Ke5 Nc6+ 58. Kf6 Ke2 59. e7 Nxe7 60. Kxe7 f2 61. Bxf2 Kxf2 62. Kf6 b4 63. Kg6 b3 64. Kxh6 b2 65. Kg5 b1=Q 66. Kf6 Qb5 67. Ke6 a5 68. Ke7 a4 69. Kd6 a3 70.
Kc7 a2 71. Kd8 a1=Q 0-1